 Dungeon Crawl Stone Soup version 0.31-a0-876-gfe8ebadbca (webtiles) character file.

Game seed: 2276558005672616200

148 BinkBink the Shooter (level 5, -3/42 HPs)
             Began as a Minotaur Hunter on Oct 14, 2023.
             Slain by a scorpion (5 damage)
             ... on level 4 of the Dungeon.
             The game lasted 00:03:16 (2669 turns).

BinkBink the Shooter (Minotaur Hunter)              Turns: 2669, Time: 00:03:16

Health: -3/42      AC:  3    Str: 16    XL:     5   Next: 8%
Magic:  4/4        EV: 12    Int:  6    God:
Gold:   127        SH:  0    Dex: 15    Spells: 4/4 levels left

rFire   . . .        a - +0 shortbow
rCold   . . .        (shield currently unavailable)
rNeg    . . .        c - +0 leather armour
rPois   .            (helmet restricted)
rElec   .            (no cloak)
rCorr   .            (no gloves)
SInv    .            (no boots)
Will    .....        (no amulet)
Stlth   +            (no ring)
HPRegen 0.27/turn    (no ring)
MPRegen 0.09/turn

%: no passive effects
@: confused, lethally poisoned (-3 -> -21), ambrosia-drunk
A: horns 2, retaliatory headbutt
a: no special abilities


You were on level 4 of the Dungeon.
You visited 1 branch of the dungeon, and saw 4 of its levels.

You collected 207 gold pieces.
You spent 80 gold pieces at shops.

Inventory:

Hand Weapons
 a - a +0 shortbow (weapon)
Armour
 c - a +0 leather armour (worn)
Scrolls
 b - a scroll of butterflies
 e - a scroll of fog
 h - 4 scrolls of teleportation
 j - 2 scrolls of enchant armour
Potions
 i - a potion of curing {unknown}


   Skills:
 - Level 2.4 Fighting
 * Level 7.1 Ranged Weapons
 - Level 2.1 Dodging
 - Level 0.7 Stealth


You had 4 spell levels left.
You didn't know any spells.
Your spell library contained the following spells:

 Spells                   Type           Power      Damage    Failure   Level
 Apportation              Tloc           0%         N/A       52%         1
 Necrotise                Necr           0%         1d4       52%         1
 Shock                    Conj/Air       0%         1d3       52%         1
 Summon Small Mammal      Summ           0%         N/A       52%         1
 Summon Guardian Golem    Hex/Summ       0%         N/A       88%         3
 Swiftness                Air            0%         N/A       88%         3
 Airstrike                Air            0%         2d(0-16)  99%         4
 Orb of Destruction       Conj           0%         9d5       100%        7
 Spellforged Servitor     Conj/Summ      0%         N/A       100%        7


Dungeon Overview and Level Annotations

Branches:
Dungeon (4/15)
 Temple: D:4-7

Altars:
Elyvilon
Sif Muna

Shops:
D:1 [?!


Innate Abilities, Weirdness & Mutations

You have a pair of horns on your head.
You reflexively headbutt those who attack you in melee.


Message History

You are more poisoned.
The scorpion poisons you!
Fire: a) +0 shortbow
Press: ? - help, Q - select action Shift-Dir - straight line, f/p - scorpion
Aim: a scorpion (heavily wounded, 63% to hit)
You shoot an arrow. The arrow closely misses the scorpion.
You feel very sick. The scorpion misses you.
Fire: a) +0 shortbow
Press: ? - help, Q - select action Shift-Dir - straight line, f/p - scorpion
Aim: a scorpion (heavily wounded, 63% to hit)
You shoot an arrow. The arrow barely misses the scorpion.
You feel sick. The scorpion barely misses you. You furiously retaliate!
You headbutt the scorpion, but do no damage.
The scorpion stings you.
You are lethally poisoned!
The scorpion poisons you!
Fire: a) +0 shortbow
Press: ? - help, Q - select action Shift-Dir - straight line, f/p - scorpion
Aim: a scorpion (heavily wounded, 63% to hit)
You shoot an arrow.
The arrow hits the scorpion but does no damage.
The scorpion is heavily wounded.
* * * LOW HITPOINT WARNING * * *
You feel very sick. The scorpion stings you.
* * * LOW HITPOINT WARNING * * *
You are more poisoned.
The scorpion poisons you!
It was a potion of ambrosia.
You are confused.
You feel invigorated.
* * * LOW HITPOINT WARNING * * *
You feel extremely sick. The scorpion closely misses you.
You bump into the rock wall.
* * * LOW HITPOINT WARNING * * *
You feel very sick. The scorpion stings you.
You die... ########### #!....@s..# #.#######.#

You could see a scorpion.

Vanquished Creatures
  A hound (D:3)
  An orc wizard (D:3)
  3 adders (D:3)
  3 orcs (D:3)
  6 ball pythons
  2 endoplasms (D:3)
  2 giant cockroaches
  2 goblins
  6 hobgoblins
  8 jackals
  6 kobolds
  2 quokkas
  9 bats
  3 frilled lizards
  6 rats
60 creatures vanquished.

Notes
Turn   | Place    | Note
-------+----------+-------------------------------------------
     0 | D:1      | BinkBink the Minotaur Hunter began the quest for the Orb.
     0 | D:1      | Reached XP level 1. HP: 18/18 MP: 0/0
    94 | D:1      | Found Geoghess's Assorted Antiques.
   112 | D:1      | Found Enuamarph's Armour Shoppe.
   118 | D:1      | Found Nicel's Magic Scroll Shoppe.
   145 | D:1      | Bought a scroll of identify for 20 gold pieces
   145 | D:1      | Bought a scroll of identify for 20 gold pieces
   145 | D:1      | Bought a scroll of noise for 10 gold pieces
   145 | D:1      | Bought a scroll of teleportation for 30 gold pieces
   177 | D:1      | Reached XP level 2. HP: 25/25 MP: 1/1
   189 | D:1      | Reached skill level 5 in Ranged Weapons
   380 | D:1      | Found Havyiz's Distillery.
   863 | D:2      | Reached XP level 3. HP: 27/30 MP: 2/2
   934 | D:2      | Found a shimmering blue altar of Sif Muna.
  1686 | D:3      | Reached skill level 6 in Ranged Weapons
  1781 | D:3      | Reached XP level 4. HP: 30/37 MP: 3/3
  2144 | D:3      | Reached skill level 7 in Ranged Weapons
  2145 | D:3      | Reached XP level 5. HP: 36/42 MP: 4/4
  2368 | D:3      | Found a white marble altar of Elyvilon.
  2669 | D:4      | HP: 2/42 [poisoned by a scorpion]
  2669 | D:4      | Slain by a scorpion

Illustrated notes

Levels and vault maps discovered:
D:1:      matt_arrival_debris, layout_loops_ring, serial_shops, shop,
          nicolae_shop_trees, shop_coins, nicolae_shop_just_a_little_nook
D:2:      layout_loops_ring, basic_altar, nicolae_elevator_lobby_asterisk
D:3:      layout_loops_corners, nicolae_elyvilon_temple_path, kennysheep_potato
D:4:      layout_loops_ring, serial_shops, shop, uniq_blork_the_orc,
          uniq_eustachio

Skill      XL: |  1  2  3  4 |
---------------+-------------+-----
Ranged Weapons | 5 6 7 |  7.1
Fighting       | |  2.4
Dodging        | |  2.1
Stealth        | |  0.7

Action                     |  1- 3 |  4- 6 || total
---------------------------+-------+-------++-------
   Fire: Shortbow          |   119 |    79 ||   198
    Use: Scroll            |     4 |     1 ||     5
         Potion            |       |     2 ||     2
 Armour: Leather armour    |    30 |    52 ||    82
  Dodge: Dodged            |    37 |    37 ||    74

Table legend: (Time is in decaauts)
 A = Elapsed time spent in this place.
 B = Non-inter-level travel time spent in this place.
 C = Inter-level travel time spent in this place.
 D = Time resting spent in this place.
 E = Time spent auto-exploring this place.
 F = Levels seen in this place.
 G = Mean time per level.
                   A        B        C        D        E       F      G
               +--------+--------+--------+--------+--------+-----+--------+
         Total |   2694 |   2620 |     74 |    100 |   2183 |   4 |  673.5 |
       Dungeon |   2694 |   2620 |     74 |    100 |   2183 |   4 |  673.5 |
               +--------+--------+--------+--------+--------+-----+--------+

Top non-repeatable levels by time:
     D:3: 1338 daAuts
     D:1: 689 daAuts
     D:2: 648 daAuts
     D:4: 18 daAuts
